 Dungeon Crawl Stone Soup version 0.17-a0-1882-g750edc8 (webtiles) character file.

290 Gargoyl the Skirmisher (level 6, -1/48 HPs)
             Began as a Demonspawn Abyssal Knight on Sept 23, 2015.
             Was a Believer of Lugonu.
             Killed by a spatial distortion (3 damage)
             ... on level 2 of the Dungeon.
             The game lasted 00:05:22 (2707 turns).

Gargoyl the Skirmisher (Demonspawn Abyssal Knight)  Turns: 2707, Time: 00:05:22

Health: -1/48      AC:  9    Str: 14    XL:     6   Next: 9%
Magic:  7/8        EV: 10    Int: 14    God:    Lugonu [**....]
Gold:   99         SH:  0    Dex: 12    Spells: 0 memorised, 5 levels left

rFire  . . .     SeeInvis .     a - +1 hand axe
rCold  . . .     Clarity  .     d - +0 scale mail
rNeg   . . .     SustAt   .     (no shield)
rPois  .         Gourm    .     c - +0 helmet
rElec  .         Spirit   .     l - +0 cloak
rCorr  .         Warding  .     (no gloves)
rMut   .         Stasis   .     (no boots)
MR     .....                    (no amulet)
Stlth  ..........               (no ring)
                                (no ring)

@: not resistant to hostile enchantments, extremely unstealthy
A: hooves 1
a: Depart the Abyss, Bend Space, Renounce Religion


You were on level 2 of the Dungeon.
You worshipped Lugonu.
Lugonu was pleased with you.
You were not hungry.

You visited 1 branch of the dungeon, and saw 2 of its levels.
You visited the Abyss 2 times.

You collected 99 gold pieces.

Inventory:

Hand weapons
 a - a +1 hand axe (weapon)
Armour
 c - a +0 helmet (worn)
 d - a +0 scale mail (worn)
 l - a +0 cloak (worn)
Scrolls
 b - 2 scrolls of identify
 e - a scroll of fear
 g - 2 scrolls of remove curse {unknown}
 h - a scroll of blinking {unknown}
 i - 3 scrolls of magic mapping {unknown}
 j - a scroll of enchant weapon {unknown}
Comestibles
 f - 2 meat rations
 k - a bread ration


   Skills:
 + Level 4.2 Fighting
 + Level 2.9 Axes
 + Level 3.3 Armour
 + Level 2.4 Dodging
 + Level 3.4 Invocations


You had 5 spell levels left.
You didn't know any spells.

Dungeon Overview and Level Annotations

Branches:
Dungeon (2/15)

Altars:
Ru
Sif Muna


Innate Abilities, Weirdness & Mutations

You have large cloven feet.


Message History

You hit the worm.
The worm is lightly wounded.
The gnoll hits you with a whip of distortion.
Space warps horribly around you!
* * * LOW HITPOINT WARNING * * *
Use which ability?
Space bends around you!
You blink.
* * * LOW HITPOINT WARNING * * *
You feel slightly more hungry.
Use which ability?
You fail to use your ability.
The gnoll barely misses you.
Use which ability?
You fail to use your ability.
The gnoll hits you with a whip of distortion.
* * * LOW HITPOINT WARNING * * *
Space bends around you.
* * * LOW HITPOINT WARNING * * *
Use which ability?
Space bends around you!
You blink.
You die...

##...#.### ##### #.......#
....########...ยง.#.#
....+.......[..g..>#
....#...####...w.###
....#...####.....############
...##.......................#
....=...........#########.###
.......#........@......##.#
...........####.####......##
........##......# #.#.....#
..########<.....# #.#...#.#
###PPP^P#......## #.#.#.#.#
..#PP..P##.....# #.#.#.#.#
.#.P._^.##.#'#'#####.#.#.#.###
PP#P..PP#..#.........#.#.#...#
###.^^P.## #.........#.#.###.#


You could see a worm and a gnoll.

Vanquished Creatures
  Sigmund (D:2)
  Robin (D:2)
  3 adders (D:2)
  2 gnolls (D:2)
  3 oozes (D:1)
  2 giant cockroaches
  14 goblins
  10 hobgoblins
  5 kobolds
  A ball python (D:1)
  11 bats
  2 giant geckos
  2 giant newts (D:1)
  6 jackals (D:2)
  4 rats
67 creatures vanquished.

Vanquished Creatures (others)
  2 starspawn tentacles (Abyss:1)
2 creatures vanquished.

Grand Total: 69 creatures vanquished

Notes
Turn   | Place    | Note
--------------------------------------------------------------
     0 | Abyss:1  | Gargoyl the Demonspawn Abyssal Knight began the quest for the Orb.
     0 | Abyss:1  | Reached XP level 1. HP: 18/18 MP: 2/2
    14 | Abyss:1  | Found a corrupted altar of Lugonu.
    50 | Abyss:1  | Noticed a small abomination
    93 | Abyss:1  | Noticed a tentacled starspawn
    97 | Abyss:1  | Found a corrupted altar of Lugonu.
   145 | Abyss:1  | Noticed a hell hog
   146 | D:1      | Escaped the Abyss
   223 | D:1      | Acquired Lugonu's first power
   229 | D:1      | Gained mutation: You have large cloven feet. [demonic ancestry]
   229 | D:1      | Reached XP level 2. HP: 17/24 MP: 4/4
  1094 | D:1      | Reached XP level 3. HP: 28/30 MP: 5/5
  1261 | D:2      | Reached skill level 1 in Dodging
  1361 | D:2      | Acquired Lugonu's second power
  1599 | D:2      | Reached XP level 4. HP: 35/37 MP: 6/6
  1664 | D:2      | Noticed Sigmund
  1694 | D:2      | Killed Sigmund
  1694 | D:2      | Reached skill level 4 in Fighting
  1694 | D:2      | Reached XP level 5. HP: 20/42 MP: 7/7
  2112 | D:2      | Cast into the Abyss (gnoll)
  2114 | D:2      | Escaped the Abyss
  2253 | D:2      | Found a sacrificial altar of Ru.
  2278 | D:2      | Noticed Robin
  2289 | D:2      | Reached XP level 6. HP: 41/48 MP: 8/8
  2328 | D:2      | Killed Robin
  2608 | D:2      | Found a deep blue altar of Sif Muna.
  2706 | D:2      | HP: 2/48 [gnoll/whip of distortion (6)]
  2707 | D:2      | Killed by a spatial distortion

Vault maps used:
D:1:      erik_arrival_gehennom
D:2:      lemuel_blue_sif_altar, nicolae_ru_the_path_less_chosen, uniq_robin,
          uniq_sigmund

Action                   |  1- 3 |  4- 6 || total
-------------------------+-------+-------++-------
Melee: Hand axe          |   131 |    97 ||   228
Invok: Depart the Abyss  |     1 |     1 ||     2
       Bend Space        |       |     1 ||     1
  Use: Scroll            |     1 |       ||     1
       Potion            |       |     2 ||     2
  Eat: Bread ration      |     1 |       ||     1
       Royal jelly       |       |     1 ||     1
